[Event "Open Cappelle-la-Grande"]
[Date "2026.02.21"]
[White "Jendrowiak, Maciej"]
[Black "Pranesh M"]
[WhiteElo "2179"]
[BlackElo "2627"]
[Round "1.1.1"]
[Result "0-1"]
[TimeControl "40/5400+30:1800+30"]

e4 e5 Nf3 Nc6 Bc4 Nf6 Ng5 d5 exd5 Na5 Bb5+ c6 dxc6 bxc6 Bd3 Nd5 h4 Qc7 Nc3 h6 Nxd5 cxd5 Qh5 Bc5 b4 Bxb4 Nxf7 O-O Nxe5 Bf5 f4 Bxd3 Nxd3 Rae8+ Kd1 Qc4 Bb2 Nc6 Rc1 Re4 Re1 Nd4 Nxb4 Rf5 Qg4 Rxe1+ Kxe1 Rxf4 d3 Qxb4+ c3 Qe7+ [Variant "Standard"]
[Site "Europe Echecs"]

[Event "Open Cappelle-la-Grande"]
[Date "2026.02.21"]
[White "Pranav Anand"]
[Black "Pierrot, Yohann"]
[WhiteElo "2606"]
[BlackElo "2174"]
[Round "1.1.2"]
[Result "1-0"]
[TimeControl "40/5400+30:1800+30"]

e4 c6 d4 d5 e5 Bf5 Nd2 e6 Nb3 a6 Be2 c5 dxc5 Bxc5 Nxc5 Qa5+ c3 Qxc5 Be3 Qc7 f4 Ne7 Nf3 Nd7 O-O O-O Nd4 Rfc8 a4 Be4 a5 Nc6 Qa4 Nxd4 Qxd4 Nb8 Qd2 Nc6 Bb6 Qe7 Qe3 f5 exf6 gxf6 Bf3 f5 Rad1 Qg7 c4 Ne7 b3 Qg6 Bc5 Re8 Bxe7 Rxe7 cxd5 exd5 Rxd5 Rae8 Rd2 Qc6 h3 Bxf3 Qxf3 Re3 Qxc6 bxc6 Rc2 R8e6 Rfc1 Rxb3 Rxc6 Re2 Rxa6 Rbb2 Rc8+ Kf7 Rc7+ [Variant "Standard"]
[Site "Europe Echecs"]

[Event "Open Cappelle-la-Grande"]
[Date "2026.02.21"]
[White "SAAD, Gabriel"]
[Black "Cheng, Bobby"]
[WhiteElo "2173"]
[BlackElo "2566"]
[Round "1.1.3"]
[Result "0-1"]
[TimeControl "40/5400+30:1800+30"]

e4 c5 Nf3 d6 d4 cxd4 Nxd4 Nf6 Nc3 a6 Bg5 Nbd7 Qe2 Qc7 O-O-O e6 f4 b5 a3 Be7 g4 h6 Bxf6 Bxf6 Bg2 Rb8 Rhe1 O-O e5 dxe5 Nc6 exf4 Nxb8 Qxb8 Ne4 Be7 h4 Bxh4 Rh1 Be7 g5 Qe5 gxh6 g6 Bf3 Nb6 Rdg1 Nc4 c3 Kh7 Qg2 Rd8 Ng5+ Bxg5 Qxg5 Qe3+ Kb1 Rd2 [Variant "Standard"]
[Site "Europe Echecs"]

[Event "Open Cappelle-la-Grande"]
[Date "2026.02.21"]
[White "Can, Emre"]
[Black "Thouard, Axel"]
[WhiteElo "2541"]
[BlackElo "2171"]
[Round "1.1.4"]
[Result "1-0"]
[TimeControl "40/5400+30:1800+30"]

d4 d5 c4 c6 Nf3 Nf6 Nc3 e6 Bg5 dxc4 a4 Bb4 e4 Bxc3+ bxc3 Qa5 e5 Ne4 Bd2 Nxd2 Qxd2 b5 Be2 O-O O-O Qc7 Ng5 Nd7 Qc2 g6 Qe4 h6 Nxe6 fxe6 Qxg6+ Kh8 Qxh6+ Kg8 Qg6+ Kh8 f4 Nb6 Qh6+ Kg8 Rf3 Rf7 Rh3 Rh7 Qg6+ Qg7 Qe8+ Qf8 Qxf8+ Kxf8 Rxh7 Nxa4 Bf3 a6 Bxc6 Rb8 f5 Kg8 Re7 Nxc3 Re8+ Kg7 f6+ Kg6 Rg8+ Kf7 Rh8 Bb7 Rxb8 Bxc6 Rxa6 [Variant "Standard"]
[Site "Europe Echecs"]

[Event "Open Cappelle-la-Grande"]
[Date "2026.02.21"]
[White "Bocquenet-Drouode, Hugo"]
[Black "Velten, Paul"]
[WhiteElo "2169"]
[BlackElo "2522"]
[Round "1.1.5"]
[Result "1/2-1/2"]
[TimeControl "40/5400+30:1800+30"]

e4 e6 d4 d5 e5 Bd7 Nf3 a6 Bd3 Bb5 O-O Bxd3 Qxd3 c5 dxc5 Bxc5 c4 Ne7 Nc3 Bb4 Bg5 Nbc6 cxd5 Bxc3 Qxc3 Qxd5 Bxe7 Nxe7 Rfd1 Qc6 Qa3 Nd5 Rac1 Qd7 Nd4 Rd8 Ne2 Qe7 Qa4+ b5 Qxa6 O-O Qxb5 Rb8 Qd3 Rxb2 Nc3 Qc5 Ne4 Qa7 Qd4 Qb8 Nc3 Rb4 Qd2 Nf4 Ne2 Ng6 Qd6 Qb7 Rc7 Qb5 Nd4 Qa4 Nc6 Rb6 Rc1 Kh8 Rxf7 Rg8 Qc7 Qa3 Rd1 Qa4 Rc1 Qa3 Rf1 Rb5 Qd6 Qxa2 Ne7 Nxe7 Rxe7 [Variant "Standard"]
[Site "Europe Echecs"]

[Event "Open Cappelle-la-Grande"]
[Date "2026.02.21"]
[White "Razafindratsima, Timothe"]
[Black "Goossens, Hanne"]
[WhiteElo "2504"]
[BlackElo "2164"]
[Round "1.1.6"]
[Result "1-0"]
[TimeControl "40/5400+30:1800+30"]

e4 e5 Nf3 Nc6 Bb5 a6 Ba4 Nf6 O-O b5 Bb3 Bc5 c3 d6 a4 Rb8 d4 Bb6 axb5 axb5 Be3 O-O Nbd2 h6 h3 Re8 Re1 exd4 cxd4 Nb4 e5 Nfd5 Ne4 Bb7 Bd2 Nd3 Bg5 hxg5 Qxd3 Nf4 Bxf7+ Kf8 Qb3 d5 Nexg5 Bxd4 e6 Bb6 Qc2 Ke7 Qf5 [Variant "Standard"]
[Site "Europe Echecs"]

[Event "Open Cappelle-la-Grande"]
[Date "2026.02.21"]
[White "Hristov, Nikolay Valeriev"]
[Black "Degraeve, Jean-Marc"]
[WhiteElo "2163"]
[BlackElo "2503"]
[Round "1.1.7"]
[Result "0-1"]
[TimeControl "40/5400+30:1800+30"]

d4 d6 e4 Nf6 Nc3 e5 Nf3 Nbd7 g4 h6 Rg1 c6 Be3 b5 Bd3 a6 h4 g6 g5 hxg5 hxg5 Nh5 Ne2 c5 c3 Bb7 a4 b4 Qb3 exd4 cxd4 Bg7 Rd1 Qe7 dxc5 Nxc5 Bxc5 dxc5 Rg4 O-O-O Bc4 Rxd1+ Qxd1 f5 gxf6 Nxf6 Rxg6 Bxe4 Rxg7 Qxg7 Qd6 Rh1+ Nfg1 Nd7 Bxa6+ Kd8 Bb5 Rh6 Qxd7+ Qxd7 Bxd7 Kxd7 Kd2 Rd6+ Ke3 Bc2 Nf3 Bxa4 Ne5+ Ke6 Nd3 Kd5 f4 Bb5 b3 [Variant "Standard"]
[Site "Europe Echecs"]

[Event "Open Cappelle-la-Grande"]
[Date "2026.02.21"]
[White "Rohith Krishna S"]
[Black "Mueer, Sebastian"]
[WhiteElo "2484"]
[BlackElo "2162"]
[Round "1.1.8"]
[Result "1-0"]
[TimeControl "40/5400+30:1800+30"]

d4 Nf6 c4 e6 Nf3 d5 Nc3 dxc4 e4 b5 e5 Nd5 Nxb5 Nb6 Be2 Be7 O-O O-O Be3 Nc6 a3 Bb7 Qc2 Na5 Rad1 Qd7 Nc3 Qc6 Rfe1 Rad8 Bf1 a6 Ng5 g6 Nge4 Nd5 Bg5 Bxg5 Nxg5 Nb3 Nce4 h6 Nf3 Nb6 h4 Qa4 h5 Kg7 Qb1 Nd5 Qc2 Nc5 Qxa4 Nxa4 hxg6 Nxb2 Rb1 c3 gxf7 a5 Rec1 Rxf7 Nxc3 Nxc3 Rxb2 Bxf3 Rxc3 Be4 f3 Ba8 Rd2 Bd5 Rc5 Ra8 Bc4 Bxc4 Rxc4 Kg6 Rdc2 Ra7 Rc6 Kf5 g4+ Kg5 Kg2 h5 gxh5 Kf5 Kg3 Rb7 Kh4 Rd7 R2c4 a4 h6 Rh7 Kh5 Rd7 Rc1 Rb3 R6c3 c5 dxc5 Rd2 Kh4 Rh2+ Kg3 Rbb2 Rg1 Rxh6 Rc4 Rbh2 Rg2 Rxg2+ Kxg2 Kxe5 c6 Rh8 Rxa4 Kd6 Rc4 Kc7 Kf2 Ra8 a4 Ra5 Ke3 Rh5 Ke4 Rf5 Ke3 Ra5 Kd3 Rd5+ Ke2 Rh5 Ke3 Rd5 Re4 Rd6 Kf4 Rxc6 Ke5 Kd7 Kf6 Rd6 f4 Ra6 Kf7 Rd6 Rb4 Rd5 Rb7+ Kc6 Kxe6 Rd6+ Ke5 Rd5+ Ke4 Rd1 Rb4 Kc5 Rb5+ Kd6 Kf5 Ra1 a5 Ke7 Ke5 Re1+ Kd5 Rf1 Kc6 Rxf4 a6 Rf6+ Kb7 Kd8 Rd5+ [Variant "Standard"]
[Site "Europe Echecs"]

[Event "Open Cappelle-la-Grande"]
[Date "2026.02.21"]
[White "Sason, Noam"]
[Black "Eugene, Floryan"]
[WhiteElo "2161"]
[BlackElo "2478"]
[Round "1.1.9"]
[Result "0-1"]
[TimeControl "40/5400+30:1800+30"]

Nf3 d5 g3 Nf6 Bg2 e6 O-O Be7 d3 O-O Nbd2 a5 a4 Nc6 e4 dxe4 dxe4 Nd7 Nc4 b6 Re1 Ba6 Na3 Bb4 Bg5 f6 Bd2 Nde5 Nxe5 Nxe5 Nb1 Qe7 Bxb4 axb4 Nd2 Rfd8 Qc1 Bb7 Nf3 Nxf3+ Bxf3 Qc5 Bg2 e5 Rd1 Bc6 b3 Kf8 Rd3 Rxd3 cxd3 Ra5 Qd1 Qd4 Rc1 Rc5 Rxc5 Qxc5 Bh3 Qd6 Qg4 Be8 Qc8 Ke7 Bg4 g6 Bd1 h5 Kg2 Bd7 Qg8 Be8 Qc4 Bf7 Qc1 Kf8 Qc2 c5 Qb1 Qd4 Bc2 Be6 Qd1 Kg7 Qe2 Qa1 Qd1 Qc3 Qb1 Bg4 Bd1 Qe1 Bc2 Qxb1 Bxb1 Bd1 Ba2 Bc2 f3 Bxd3 Kf2 Bc2 Ke3 c4 bxc4 b3 Bb1 Bxb1 Kd2 b2 Kc3 Bd3 Kxb2 Bxc4 [Variant "Standard"]
[Site "Europe Echecs"]

[Event "Open Cappelle-la-Grande"]
[Date "2026.02.21"]
[White "Shchekachev, Andrei"]
[Black "Toure, Vasanth"]
[WhiteElo "2474"]
[BlackElo "2160"]
[Round "1.1.10"]
[Result "1-0"]
[TimeControl "40/5400+30:1800+30"]

Nf3 d5 g3 Nf6 Bg2 e6 O-O Be7 c4 d4 b4 c5 Bb2 O-O d3 a5 bxc5 Bxc5 Ba3 Qe7 Qb3 Nc6 Bxc5 Qxc5 Qb5 Qe7 Ne5 Nd8 Qb6 Nd7 Qxd4 Qf6 f4 Nxe5 fxe5 Qg5 Nc3 a4 Ne4 Qh5 Bf3 Nc6 Bxh5 Nxd4 Nd6 f5 exf6 gxf6 Rab1 Ra5 Bf3 Re5 Kf2 Kg7 Nxc8 Rxc8 Rxb7+ Kg6 Rfb1 Rd8 Ra7 h5 Rbb7 Nxf3 Kxf3 Rf5+ Kg2 Rc5 Rg7+ Kf5 Rh7 Ke5 Rxh5+ f5 Rxa4 Rb8 Rh4 Kf6 Rh6+ [Variant "Standard"]
[Site "Europe Echecs"]

[Event "Open Cappelle-la-Grande"]
[Date "2026.02.21"]
[White "Adrian, Claude"]
[Black "Ruzhansky, Elias"]
[WhiteElo "2159"]
[BlackElo "2462"]
[Round "1.1.11"]
[Result "0-1"]
[TimeControl "40/5400+30:1800+30"]

Nf3 d5 d4 Nf6 c4 e6 g3 Bb4+ Bd2 Be7 Bg2 O-O O-O c6 Qc2 Nbd7 Rd1 a5 Nc3 dxc4 e4 b5 Bf4 Bb7 a4 Qb6 e5 Nd5 Bg5 Bb4 Ne4 Rfe8 Bd2 Be7 Bg5 Bf8 h4 Nb4 Qe2 bxa4 Qxc4 Qb5 Nfd2 Nb6 Qc3 N6d5 Qf3 Nc2 Bf1 Qb4 Rac1 Nxd4 Qg4 Nf5 Nc4 Ba6 Rxd5 cxd5 Nf6+ Kh8 Bd2 Qe7 Nxe8 Bxc4 Bxc4 dxc4 Nd6 Nxd6 exd6 Qxd6 Bc3 a3 bxa3 Qxa3 Rc2 Qc5 Bd4 Qd5 Rxc4 Rb8 Kh2 h5 Qe2 [Variant "Standard"]
[Site "Europe Echecs"]

[Event "Open Cappelle-la-Grande"]
[Date "2026.02.21"]
[White "Duboue, Peio"]
[Black "Duhayon, Yves"]
[WhiteElo "2461"]
[BlackElo "2159"]
[Round "1.1.12"]
[Result "1-0"]
[TimeControl "40/5400+30:1800+30"]

e4 e5 Nf3 Nc6 d4 exd4 Nxd4 Bc5 Nb3 Bb6 Nc3 Nge7 Qe2 O-O Be3 d6 O-O-O f5 Bxb6 axb6 f4 fxe4 Qxe4 Bf5 Qf3 Qd7 h3 Be6 g4 Ng6 f5 Bxb3 cxb3 Nge5 Qg3 g6 fxg6 hxg6 Be2 g5 h4 Qg7 Qe3 Rae8 hxg5 Nf7 Ne4 d5 Rxd5 Nd6 Rxd6 cxd6 Bc4+ [Variant "Standard"]
[Site "Europe Echecs"]

[Event "Open Cappelle-la-Grande"]
[Date "2026.02.21"]
[White "Medghoul, Sherif"]
[Black "Bacrot, Alexandre"]
[WhiteElo "2158"]
[BlackElo "2457"]
[Round "1.1.13"]
[Result "0-1"]
[TimeControl "40/5400+30:1800+30"]

d4 Nf6 c4 e6 Nf3 d5 g3 Bb4+ Bd2 Be7 Bg2 O-O O-O c6 Qc2 Nbd7 Rd1 Ne4 Be3 f5 Nbd2 Bd6 Bf4 Bxf4 gxf4 h6 Ne1 Nxd2 Rxd2 Nf6 Nd3 Ne4 Rdd1 Bd7 Bf3 Kh7 e3 Rg8 Kh1 Qh4 Bxe4 dxe4 Ne5 Be8 Rg1 Bh5 Rg3 g5 Qb3 gxf4 Qxb7+ Kh8 exf4 e3 Rxe3 Qxf2 Rg3 Rxg3 Qxa8+ Rg8 Qxc6 Be2 Qb7 Rg7 Qa8+ Kh7 h3 Bf1 [Variant "Standard"]
[Site "Europe Echecs"]

[Event "Open Cappelle-la-Grande"]
[Date "2026.02.21"]
[White "Lamaze, Simon"]
[Black "Nicot, Valentin"]
[WhiteElo "2450"]
[BlackElo "2154"]
[Round "1.1.14"]
[Result "1-0"]
[TimeControl "40/5400+30:1800+30"]

e4 e5 Nf3 Nc6 Bc4 Nf6 d3 h6 c3 d6 O-O g5 a4 Bg7 Na3 O-O Nc2 Ne7 a5 c6 Bb3 Ng6 Ne3 Qc7 Re1 Kh8 Nd2 Nf4 Ndf1 Ng8 Ng3 Ne7 d4 Be6 Bc2 Rad8 Nef5 Nxf5 exf5 Bd5 f6 Bxf6 Bxf4 gxf4 Qd3 e4 Nxe4 Rg8 Nxf6 Rxg2+ Kf1 Rg6 Nxd5 cxd5 Qh3 Rf6 Qh4 Qc4+ Kg1 Rg8+ Kh1 Rg5 Rg1 Qe2 Rxg5 Qxc2 Rg2 Qf5 f3 Kh7 Rag1 Rg6 Rxg6 fxg6 Qe7+ Kg8 Re1 Qd3 Qd8+ [Variant "Standard"]
[Site "Europe Echecs"]

[Event "Open Cappelle-la-Grande"]
[Date "2026.02.21"]
[White "Toledo, Hillel"]
[Black "Degraeve, Remy"]
[WhiteElo "2153"]
[BlackElo "2448"]
[Round "1.1.15"]
[Result "1-0"]
[TimeControl "40/5400+30:1800+30"]

e4 c5 Nf3 e6 c4 Nc6 Nc3 Nd4 Nxd4 cxd4 Ne2 Nf6 d3 e5 g3 b5 Bg2 bxc4 dxc4 Bb4+ Bd2 Qa5 Nc1 Bb7 f3 d6 Nd3 Bxd2+ Qxd2 Qxd2+ Kxd2 Ke7 Rhc1 a5 c5 Ba6 f4 Bxd3 cxd6+ Kxd6 fxe5+ Kxe5 Kxd3 Rhc8 Bh3 Re8 Bf5 Kd6 Rc4 g6 Bh3 Rad8 Re1 h5 Kxd4 Ng4 Bxg4 hxg4 Ke3 Rb8 Rd1+ Ke7 Rd2 Rec8 Rxc8 Rxc8 Kf4 Rc4 Re2 f5 b3 Rb4 Kg5 fxe4 Kf4 e3+ Kxe3 Ke6 Rc2 Kd5 Rf2 Re4+ Kd3 Re5 Rf4 Rg5 Ra4 Kd6 Ke3 Rh5 Kf4 Kc6 Kxg4 Kb5 h4 Rd5 Re4 Rd2 a4+ Kc5 Re5+ Kb6 Re6+ Kc5 Rxg6 Rd4+ Kh5 Kd5 [Variant "Standard"]
[Site "Europe Echecs"]

[Event "Open Cappelle-la-Grande"]
[Date "2026.02.21"]
[White "Levin, Guy"]
[Black "Roger, Mehdi"]
[WhiteElo "2440"]
[BlackElo "2147"]
[Round "1.1.16"]
[Result "1-0"]
[TimeControl "40/5400+30:1800+30"]

d4 Nf6 Nf3 g6 g3 Bg7 Bg2 O-O O-O d5 c4 c6 a4 Bf5 Nc3 Nbd7 a5 e6 Qa4 Ne4 Nh4 Nxc3 bxc3 b5 cxb5 cxb5 Qxb5 Rb8 Qa4 Rc8 Nxf5 gxf5 Bd2 Rc4 Qa2 Nf6 Rfb1 Ne4 Bxe4 fxe4 a6 Qd6 Rb7 Ra8 Rab1 h5 Bf4 e5 Bxe5 Bxe5 dxe5 Qxe5 R1b5 Rac8 Qd2 R8c5 Rxc5 Rxc5 Qd4 [Variant "Standard"]
[Site "Europe Echecs"]

[Event "Open Cappelle-la-Grande"]
[Date "2026.02.22"]
[White "Pranesh M"]
[Black "Coiffait, Pierre-Basile"]
[WhiteElo "2627"]
[BlackElo "2313"]
[Round "2.2.1"]
[Result "1-0"]
[TimeControl "40/5400+30:1800+30"]

e4 e5 Nf3 Nc6 Bc4 Bc5 c3 Nf6 d3 a6 Bg5 h6 Bh4 d6 Nbd2 Ba7 a4 g5 Bg3 Nh5 Nxe5 Nxg3 Bxf7+ Kf8 Ng6+ Kxf7 Nxh8+ Qxh8 hxg3 Qf6 d4 Kg7 O-O Bd7 b4 Ne7 Qe2 Rh8 b5 Bc8 f4 g4 f5 h5 e5 dxe5 Ne4 exd4 Qc4 dxc3+ Kh2 Qe5 f6+ Kg6 fxe7 Be6 Qd3 h4 Rf4 Bf5 Raf1 hxg3+ Kxg3 c2 Qxc2 Be3 Qc3 Bxf4+ Rxf4 Qxc3+ Nxc3 Re8 bxa6 bxa6 Nd5 c6 Ne3 Bd7 Re4 Kf7 Nxg4 Rxe7 Ne5+ Kf6 Kf4 Be8 a5 Rb7 g4 c5 g5+ Kg7 Kf5 Rb5 Rh4 Rxa5 g6 Bxg6+ Nxg6 Ra1 Ne5 Rf1+ Ke6 a5 Rh2 a4 Rg2+ Kh6 Ng4+ Kh5 Ne3 Re1 Kf5 Kh6 Kf6 Kh7 Kf7 Rh1 Ng4 Kh8 Nf6 [Variant "Standard"]
[Site "Europe Echecs"]

[Event "Open Cappelle-la-Grande"]
[Date "2026.02.22"]
[White "El Zein, Zayne-Eddine"]
[Black "Pranav Anand"]
[WhiteElo "2294"]
[BlackElo "2606"]
[Round "2.2.2"]
[Result "0-1"]
[TimeControl "40/5400+30:1800+30"]

d4 Nf6 Nf3 e6 e3 b6 Bd3 Bb7 Nbd2 d5 Qe2 c5 c3 Nc6 O-O Be7 dxc5 bxc5 e4 O-O e5 Nd7 Re1 c4 Bc2 a5 b3 cxb3 axb3 Ba6 Qe3 Qc7 Ba3 h6 Bxe7 Nxe7 Ra4 Rfc8 Rg4 Qxc3 Qxh6 Ng6 Rxg6 fxg6 Qh3 Nf8 Bxg6 Bd3 Bh5 Bf5 Qh4 Ra7 g4 Bd3 g5 Bf5 Qg3 g6 Bg4 Rf7 Bxf5 Rxf5 h4 Rc7 Kg2 Rcf7 Re2 Nd7 Re3 Qb4 h5 gxh5 g6 Rg7 [Variant "Standard"]
[Site "Europe Echecs"]

[Event "Open Cappelle-la-Grande"]
[Date "2026.02.22"]
[White "Cheng, Bobby"]
[Black "Vela Frago, Alberto"]
[WhiteElo "2566"]
[BlackElo "2302"]
[Round "2.2.3"]
[Result "1-0"]
[TimeControl "40/5400+30:1800+30"]

c4 e6 Nc3 d5 d4 Nf6 cxd5 Nxd5 e4 Nxc3 bxc3 c5 Rb1 Be7 Nf3 O-O h4 b6 Bd3 e5 dxe5 Nc6 Bf4 Qc7 Bg3 Be6 Qe2 Rad8 Bc4 Bxc4 Qxc4 Qd7 Qa6 Na5 O-O Rfe8 Kh2 Qc6 Qe2 Qa4 Rbd1 Qa3 Qc2 Nc4 Rd5 b5 Rfd1 h6 Rxd8 Bxd8 e6 fxe6 Ne5 Bc7 Nxc4 Bxg3+ Kxg3 bxc4 Rd7 Qa5 Qd2 Kh8 f3 Qb6 Qd6 Qb1 Qe5 Rg8 Rxa7 Qb8 Rc7 Qa8 Re7 Qxa2 Rxe6 Qd2 Re7 Qe1+ Kh3 Qh1+ Kg3 Qe1+ Kg4 Qe2 Kh3 Qe1 Kg4 Qe2 g3 Qe3 Rc7 Kh7 h5 Kh8 Qxc5 Qxc3 Qxc4 Qf6 Qf7 Qg5+ Kh3 Qb5 Re7 Qf1+ Kg4 Qa1 Re8 Rxe8 Qxe8+ Kh7 Qg6+ Kh8 Qf5 Qa4 Qf8+ Kh7 Qf4 Kh8 e5 Qd7+ Qf5 Qd4+ Qe4 Qd2 f4 Qd1+ Kh4 Qd8+ Kh3 Qd1 Qa8+ Kh7 Qe4+ Kh8 Kh4 Qd8+ Kg4 Qd1+ Qf3 Qd7+ Kh4 Qd8+ Kh3 Qc8+ f5 Qc1 f6 gxf6 Qxf6+ Kh7 Qf3 Qc8+ g4 Qf8 Qf5+ [Variant "Standard"]
[Site "Europe Echecs"]

[Event "Open Cappelle-la-Grande"]
[Date "2026.02.22"]
[White "Fiedorek, Michal"]
[Black "Can, Emre"]
[WhiteElo "2288"]
[BlackElo "2541"]
[Round "2.2.4"]
[Result "1/2-1/2"]
[TimeControl "40/5400+30:1800+30"]

e4 c5 Nc3 d6 d4 cxd4 Qxd4 Nc6 Qd2 Nf6 b3 e6 Bb2 d5 exd5 exd5 O-O-O Be6 Kb1 Qa5 Nb5 Qxd2 Rxd2 Bb4 Re2 O-O-O Nf3 Rhe8 a3 Bc5 Nfd4 Bd7 f3 a6 Nxc6 bxc6 Nd4 a5 Kc1 Bd6 Rxe8 Nxe8 Bd3 g6 g3 Nc7 f4 Kb7 Re1 Ne6 Nf3 Rc8 Ne5 Bxe5 Rxe5 Re8 Kd2 [Variant "Standard"]
[Site "Europe Echecs"]

[Event "Open Cappelle-la-Grande"]
[Date "2026.02.22"]
[White "Robert, Yoann"]
[Black "Razafindratsima, Timothe"]
[WhiteElo "2273"]
[BlackElo "2504"]
[Round "2.2.5"]
[Result "0-1"]
[TimeControl "40/5400+30:1800+30"]

d4 f5 Nc3 Nf6 Bf4 e6 g4 Bb4 gxf5 exf5 a3 Bxc3+ bxc3 Qe7 Nf3 b6 Rg1 Bb7 e3 d6 Nd2 Nbd7 Bg2 Bxg2 Rxg2 h6 h4 O-O-O Qf3 Kb8 Qc6 Nh5 Bh2 Ndf6 Rb1 Rhe8 Nc4 Qe4 Na5 Kc8 c4 Qxc2 Qb7+ Kd7 Qc6+ Ke7 Rb5 bxa5 Qxc7+ Rd7 Bxd6+ Kf7 Qc6 Rxd6 Qxd6 Qc1+ [Variant "Standard"]
[Site "Europe Echecs"]

[Event "Open Cappelle-la-Grande"]
[Date "2026.02.22"]
[White "Degraeve, Jean-Marc"]
[Black "Jacobsen, Mikkel Manosri"]
[WhiteElo "2503"]
[BlackElo "2291"]
[Round "2.2.6"]
[Result "1/2-1/2"]
[TimeControl "40/5400+30:1800+30"]

e4 c6 Nc3 d5 Nf3 dxe4 Nxe4 Nf6 Qe2 Na6 c3 Nxe4 Qxe4 Qd5 Qxd5 cxd5 d4 Nb8 Ne5 e6 Bb5+ Nd7 a4 f6 Ng4 Bd6 O-O Kf7 Bd2 f5 Ne3 Nf6 Bd3 Bd7 c4 f4 Nd1 dxc4 Bxc4 Rac8 Bb3 Bc6 Nc3 Ne4 Nxe4 Bxe4 Rfc1 Bd5 Bxd5 exd5 b3 Ke6 f3 Kd7 Kf1 Rxc1+ Rxc1 Rc8 Rxc8 Kxc8 [Variant "Standard"]
[Site "Europe Echecs"]

[Event "Open Cappelle-la-Grande"]
[Date "2026.02.22"]
[White "Zeneli, Klendi"]
[Black "Rohith Krishna S"]
[WhiteElo "2268"]
[BlackElo "2484"]
[Round "2.2.7"]
[Result "0-1"]
[TimeControl "40/5400+30:1800+30"]

e4 e5 Nf3 Nc6 Bb5 a6 Ba4 Nf6 O-O Be7 d3 b5 Bb3 d6 a4 Bd7 c3 O-O Bc2 Re8 Re1 h6 h3 Bf8 Be3 d5 Nbd2 Be6 Nf1 Qd7 Ng3 Rad8 axb5 axb5 Ra6 dxe4 dxe4 Qc8 Qa1 Qb7 b4 Bd6 Qa3 Nd7 Nf5 Bf8 Ra1 Nb6 Bxb6 cxb6 Ne3 Na5 Rxb6 Qxb6 Qxa5 Qc6 Qa3 Ra8 Qb2 Rxa1+ Qxa1 Ra8 Qf1 Qxc3 Qxb5 Ra1+ Kh2 Qxb4 Qe8 Qe7 Qb5 Qc5 Qe8 Ra2 Ba4 Rxf2 Nf5 Re2 Bd7 Bxd7 Qxd7 Rxe4 [Variant "Standard"]
[Site "Europe Echecs"]

[Event "Open Cappelle-la-Grande"]
[Date "2026.02.22"]
[White "Eugene, Floryan"]
[Black "Terryn, Ezra"]
[WhiteElo "2478"]
[BlackElo "2268"]
[Round "2.2.8"]
[Result "1-0"]
[TimeControl "40/5400+30:1800+30"]

e4 e5 Nf3 Nc6 Bb5 a6 Ba4 Nf6 d3 b5 Bb3 Bc5 Nc3 d6 Nd5 h6 c3 Be6 O-O Bxd5 exd5 Ne7 d4 exd4 Nxd4 O-O Qf3 Nd7 Bc2 Ng6 Nc6 Qf6 Qxf6 Nxf6 b4 Bb6 a4 Rfe8 a5 Ba7 Bb3 Ne7 Nxa7 Rxa7 Be3 Raa8 Rfd1 Nf5 Bd2 Re5 Re1 Ne7 Rxe5 dxe5 Re1 Rd8 c4 c6 Be3 bxc4 Bxc4 Nexd5 Bxa6 Nxb4 Bb7 Nfd5 a6 Nc2 Rb1 Nc3 Bb6 Re8 Bxc6 Rf8 Rb2 Ne2+ Kf1 Ned4 Bb7 [Variant "Standard"]
[Site "Europe Echecs"]

[Event "Open Cappelle-la-Grande"]
[Date "2026.02.22"]
[White "Adrian, Leopold"]
[Black "Shchekachev, Andrei"]
[WhiteElo "2246"]
[BlackElo "2474"]
[Round "2.2.9"]
[Result "1-0"]
[TimeControl "40/5400+30:1800+30"]

Nf3 g6 c4 c5 d4 Bg7 e4 d6 Nc3 Qa5 Be2 Bg4 Be3 Nc6 d5 Bxf3 Bxf3 Ne5 Be2 Nxc4 Bxc4 Bxc3+ Ke2 Bg7 Bd2 Qd8 Qa4+ Kf8 Qc2 Qd7 a4 Qg4+ Kf1 Bd4 h4 h5 Ra3 Nf6 f3 Qc8 g3 Kg7 Kg2 Qc7 Qd3 Bxb2 Rb3 Bd4 Rc1 Rab8 Rc2 Rhc8 Bc1 a6 Bd2 Nd7 f4 Nf6 a5 b5 axb6 Rxb6 Bxa6 Rxb3 Qxb3 Rb8 Qf3 Qd7 Bd3 Rb3 Qe2 Ng4 Bc4 Ne3+ Kh2 Nxc4 Qxc4 Rb1 Bc3 Rh1+ Kxh1 Qh3+ Rh2 Qxg3 Bxd4+ cxd4 Qxd4+ Kh7 Qf2 Qd3 Qe2 Qg3 f5 [Variant "Standard"]
[Site "Europe Echecs"]

[Event "Open Cappelle-la-Grande"]
[Date "2026.02.22"]
[White "Ruzhansky, Elias"]
[Black "De Vleeschauwer, Maarten"]
[WhiteElo "2462"]
[BlackElo "2265"]
[Round "2.2.10"]
[Result "1-0"]
[TimeControl "40/5400+30:1800+30"]

e4 c5 Nf3 e6 d4 cxd4 Nxd4 Nf6 Nc3 Nc6 Ndb5 d6 Bf4 e5 Bg5 a6 Na3 b5 Nd5 Be7 Bxf6 Bxf6 c3 O-O Nc2 Rb8 h4 g6 g3 Bg7 Bh3 Bb7 Qd3 Bh6 Rd1 Kg7 h5 Ne7 Nde3 f5 Bg2 Rf6 hxg6 hxg6 exf5 Bxg2 Nxg2 gxf5 Nge3 Qd7 Nb4 Qb7 Ned5 Rbf8 Rh5 Nxd5 Nxd5 R6f7 Ke2 Qc8 Rdh1 Rh8 Ne3 [Variant "Standard"]
[Site "Europe Echecs"]

[Event "Open Cappelle-la-Grande"]
[Date "2026.02.22"]
[White "Luong Phuong Hanh"]
[Black "Duboue, Peio"]
[WhiteElo "2236"]
[BlackElo "2461"]
[Round "2.2.11"]
[Result "1-0"]
[TimeControl "40/5400+30:1800+30"]

d4 Nf6 Nf3 d5 g3 Bf5 Bg2 e6 c4 c6 Nc3 h6 Qb3 Qb6 c5 Qxb3 axb3 Be7 b4 O-O b5 cxb5 Nxb5 Nc6 O-O a6 Nc3 Nd7 Rd1 Bc2 Re1 f5 Be3 Bf6 Rec1 Be4 Rd1 b6 cxb6 Rfb8 Nxe4 fxe4 Bh3 Nf8 Ne5 Rxb6 Nd7 Rxb2 Nxf8 Kxf8 Bxe6 Ne7 Ra5 Rxe2 Bd2 Bxd4 Bb4 Bb6 Raxd5 Rxf2 Kh1 e3 Re5 Rd8 Bd7 e2 Rd3 Rf1+ Kg2 Rd1 Bxe7+ Kg8 Bxd8 Rxd3 [Variant "Standard"]
[Site "Europe Echecs"]

[Event "Open Cappelle-la-Grande"]
[Date "2026.02.22"]
[White "Bacrot, Alexandre"]
[Black "Hansen, Soren Bech"]
[WhiteElo "2457"]
[BlackElo "2222"]
[Round "2.2.12"]
[Result "1-0"]
[TimeControl "40/5400+30:1800+30"]

e4 c5 Nf3 Nc6 Bb5 e6 Bxc6 bxc6 b3 Ne7 e5 Ng6 Bb2 Be7 h4 h5 g3 c4 bxc4 c5 d3 Rb8 Bc3 Bb7 Nbd2 f5 exf6 Bxf6 Bxf6 Qxf6 O-O Ne5 Nxe5 Qxe5 Nf3 Bxf3 Qxf3 Rf8 Rae1 Rxf3 Rxe5 Rb2 Kg2 Rf5 Rxf5 exf5 Re1+ Kf7 Re5 Kf6 Rxc5 Rxc2 Rc7 Ke6 Rxa7 Rc3 Ra6+ Ke7 Rg6 Rxd3 Rxg7+ Ke6 Rg6+ Ke5 Rg5 Rc3 Rxh5 Rxc4 Rh8 Ra4 Re8+ Kf6 Rf8+ Kg6 Rd8 Ra7 a4 Kf6 Rf8+ Ke5 h5 d5 f4+ Ke6 h6 Rh7 Rb8 Kd6 a5 Kc5 a6 Kc4 Kf3 d4 Ke2 Ra7 Rc8+ Kd5 Kd3 Rh7 Rf8 [Variant "Standard"]
[Site "Europe Echecs"]

[Event "Open Cappelle-la-Grande"]
[Date "2026.02.22"]
[White "Laignel, Quentin"]
[Black "Lamaze, Simon"]
[WhiteElo "2227"]
[BlackElo "2450"]
[Round "2.2.13"]
[Result "0-1"]
[TimeControl "40/5400+30:1800+30"]

d4 Nf6 Nf3 g6 c4 Bg7 Nc3 O-O e4 d6 Be2 e5 O-O Nc6 d5 Ne7 b4 a5 bxa5 Rxa5 Nd2 Ra8 a4 Ne8 Nb3 f5 c5 fxe4 Nxe4 Nf5 a5 Nf6 Nxf6+ Bxf6 Ra4 Rf7 Rb4 Nd4 Nxd4 exd4 cxd6 cxd6 Bb2 Qxa5 Qd2 Bf5 Bxd4 Bxd4 Qxd4 Re8 Bf3 Bd3 Rd1 b5 h4 Bc4 Rbb1 Qa7 Qg4 Re5 Qg3 Kg7 Re1 Rfe7 Rxe5 Rxe5 Kh2 Qe7 Rd1 Qf6 Qg4 Re7 h5 Qe5+ Kg1 Qxh5 Qxh5 gxh5 Kh2 b4 Rd4 Rc7 Kg3 b3 Be4 Rc5 Rd2 Rb5 Rd4 Rc5 Rd2 Bb5 Kf4 Be8 Rb2 Rc3 Kg5 Bg6 f3 h6+ Kf4 h4 Bxg6 Kxg6 Kg4 Rc4+ f4 Rb4 Kh3 Kh5 [Variant "Standard"]
[Site "Europe Echecs"]

[Event "Open Cappelle-la-Grande"]
[Date "2026.02.22"]
[White "Siekanska, Maria"]
[Black "Levin, Guy"]
[WhiteElo "2223"]
[BlackElo "2440"]
[Round "2.2.14"]
[Result "0-1"]
[TimeControl "40/5400+30:1800+30"]

d4 d5 c4 dxc4 e4 Nf6 e5 Nd5 Bxc4 Bf5 Qb3 c6 Ne2 e6 O-O b5 Bxd5 Qxd5 Qg3 Na6 Nbc3 Qd7 Be3 Nc7 Rac1 h5 Rfd1 h4 Qf3 Be7 Ne4 Nd5 Nc5 Qd8 Nf4 O-O g3 Rc8 a4 bxa4 Nxa4 Nxf4 Bxf4 Rb8 Qxc6 Rb4 Nc5 Rxd4 Nd7 Rxd1+ Rxd1 Qc8 Qxc8 Rxc8 gxh4 Be4 Be3 Rc7 Nb8 Rb7 Na6 Rxb2 Bxa7 Ra2 Bc5 Bxh4 Nb4 Rb2 Nd3 Rb5 Bd6 Rd5 Nb2 Ra5 Nd3 Rd5 Nb2 Rb5 Nd3 Bf3 Rc1 Kh7 Ne1 Bd5 Ng2 Bxf2+ Kxf2 Rb2+ Ke3 Rxg2 h4 Rg4 Rc7 Re4+ Kf2 Rf4+ Kg3 Rf5 Kg4 Bf3+ Kg3 Bh5 Rc3 Rf1 Kg2 Rf4 Kg3 Rg4+ Kh3 Re4 Rg3 Bg6 Kg2 Bf5 Kf3 Rxh4 Bf8 Be4+ Kf2 Bg6 Be7 Rd4 Rh3+ Kg8 Rg3 Rd2+ Ke1 Rd5 Re3 Bf5 Kf2 Kh7 Re1 Rd4 Rg1 Rf4+ Kg3 Re4 Bd6 g5 Rh1+ Kg6 Rh8 Rg4+ Kf2 Be4 Be7 Kf5 Bf6 Kf4 Rh2 Rg3 Kf1 Rb3 Rf2+ Bf3 Ra2 g4 Ra1 g3 Kg1 Rb2 Ra4+ Be4 [Variant "Standard"]
[Site "Europe Echecs"]

[Event "Open Cappelle-la-Grande"]
[Date "2026.02.22"]
[White "Carnicelli, Valerio"]
[Black "Toure, Ananth"]
[WhiteElo "2438"]
[BlackElo "2220"]
[Round "2.2.15"]
[Result "1-0"]
[TimeControl "40/5400+30:1800+30"]

e4 e5 Nf3 Nc6 Bc4 Nf6 d3 h6 O-O Bc5 c3 a5 d4 Bb6 Nxe5 Nxe5 dxe5 Nxe4 Bxf7+ Kxf7 Qd5+ Ke8 Qxe4 Rf8 Na3 Qe7 Be3 Ra6 Nb5 Kd8 Rad1 Bc5 Bxc5 Qxc5 Nd4 Re8 Rfe1 a4 e6 Qg5 f4 Qf6 f5 Rb6 Qc2 Rd6 Qxa4 g6 exd7 Rxe1+ Rxe1 Bxd7 Qa8+ Bc8 Ne6+ Kd7 Nc5+ Kc6 Qxc8 Kxc5 Qxc7+ Rc6 Qxb7 Kd5 [Variant "Standard"]
[Site "Europe Echecs"]

[Event "Open Cappelle-la-Grande"]
[Date "2026.02.22"]
[White "Midy, Robin"]
[Black "Poetsch, Hagen"]
[WhiteElo "2222"]
[BlackElo "2433"]
[Round "2.2.16"]
[Result "0-1"]
[TimeControl "40/5400+30:1800+30"]

e4 c5 Be2 Nc6 f4 g6 Nf3 Bg7 O-O Nf6 d3 d6 a4 O-O Qe1 c4 Na3 cxd3 cxd3 Na5 Bd1 Nb3 Bxb3 Qb6+ Be3 Qxb3 Nb5 Ng4 Ra3 Qc2 Bd4 e5 fxe5 Nxe5 Nxe5 Bxe5 Bxe5 dxe5 Rc3 Qxa4 Nc7 Rb8 Nd5 Be6 Nf6+ Kg7 Qh4 h6 h3 Rbc8 Rf3 Rxc3 bxc3 Qd1+ Kh2 Qd2 Rg3 Kh8 Nd5 Bxd5 Qe7 Kg8 exd5 Qf4 d6 h5 h4 Kg7 Kh3 Qf5+ Kh2 Qf6 Qxb7 Qxh4+ Rh3 Qf4+ Kg1 Qc1+ Kh2 Qf4+ Kg1 Qc1+ Kh2 Qxc3 Qe7 e4 dxe4 Qf6 Ra3 Qxe7 dxe7 Re8 Rxa7 Kf6 Kg3 Rxe7 Ra4 Rb7 Ra3 Rb1 Kf4 Rf1+ Ke3 Kg5 Ke2 Rf4 Ke3 Kg4 Ra7 Kg3 Ra5 f6 Ra8 f5 exf5 Rxf5 Ra2 g5 Ke4 Rf2 Ra5 Kg4 g3 Rg2 Ke3 Rxg3+ Kf2 Rf3+ Kg2 Rf4 Ra2 h4 Rb2 h3+ Kh2 Kh4 Rb8 Rf2+ Kg1 Kg3 Rb1 Re2 Kh1 g4 Ra1 Kf3 Rf1+ Rf2 Ra1 g3 Ra3+ Kg4 Ra4+ Rf4 Ra1 h2 Kg2 Rf2+ Kh1 Kh3 Ra3 Rf1# [Variant "Standard"]
[Site "Europe Echecs"]